 Dungeon Crawl Stone Soup version 0.17-a0-1711-gc5340a3 (webtiles) character file.

34 kae the Firebug (level 3, -1/19 HPs)
             Began as a Tengu Fire Elementalist on Aug 22, 2015.
             Slain by a quokka (4 damage)
             ... on level 2 of the Dungeon.
             The game lasted 00:01:11 (1082 turns).

kae the Firebug (Tengu Fire Elementalist)           Turns: 1082, Time: 00:01:11

Health: -1/19      AC:  3    Str:  8    XL:     3   Next: 31%
Magic:  0/7        EV: 12    Int: 16    God:
Gold:   78         SH:  0    Dex: 14    Spells: 1 memorised, 5 levels left

rFire  . . .     SeeInvis .     (no weapon)
rCold  . . .     Clarity  .     a - +0 robe
rNeg   . . .     SustAt   .     (no shield)
rPois  .         Gourm    .     (helmet restricted)
rElec  .         Spirit   .     d - +0 cloak
rCorr  .         Warding  .     (no gloves)
rMut   .         Stasis   .     (boots unavailable)
MR     .....                    (no amulet)
Stlth  ++........               (no ring)
                                (no ring)

@: not resistant to hostile enchantments, unstealthy
A: beak, talons 3
a: no special abilities


You were on level 2 of the Dungeon.
You were not hungry.

You visited 1 branch of the dungeon, and saw 2 of its levels.

You collected 78 gold pieces.

Inventory:

Armour
 a - a +0 robe (worn)
 d - a +0 cloak (worn)
Scrolls
 g - a scroll of magic mapping
Potions
 e - a potion of agility
 h - 2 potions of heal wounds
Books
 b - a book of Flames

   Spells                             Type                      Level
   a - Flame Tongue                   Conjuration/Fire             1
   b - Throw Flame                    Conjuration/Fire             2
   c - Conjure Flame                  Conjuration/Fire             3
   d - Inner Flame                    Hexes/Fire                   3
   e - Sticky Flame                   Conjuration/Fire             4
   f - Fireball                       Conjuration/Fire             5
Comestibles
 c - a bread ration
 i - a chunk of flesh


   Skills:
 - Level 2.1 Dodging
 - Level 2.0 Stealth
 - Level 2.0 Spellcasting
 - Level 1.3 Conjurations
 + Level 4.7 Fire Magic


You had 5 spell levels left.
You knew the following spells:

 Your Spells              Type           Power        Failure   Level  Hunger
a - Flame Tongue          Conj/Fire      ##...        8%          1    #......


Dungeon Overview and Level Annotations

Branches:
Dungeon (2/15)

Altars:
Qazlal


Innate Abilities, Weirdness & Mutations

You have a beak for a mouth.
You have claws for feet.


Message History

The jackal bites you but does no damage.
The jackal bites you.
* * * LOW HITPOINT WARNING * * *
You barely miss the jackal. You claw the jackal, but do no damage.
You peck the jackal.
You kill the jackal!
Casting: Flame Tongue
Confirm with . or Enter, or press ? or * to list all spells.
Aiming: Flame Tongue
Press: ? - help, Shift-Dir - straight line, f/p - quokka
Aim: a quokka (heavily wounded)
The flame tongue hits the quokka.
The quokka is almost dead.
The quokka closely misses you.
You barely miss the quokka.
The quokka is almost dead.
The quokka bites you.
* * * LOW HITPOINT WARNING * * *
The quokka bites you.
You die...

,,*,**,,,,* #.....###
,,,,**,,,,****#..(..#
,,,,,,,...........#.# ###
,,*,,,,......##...#.# ##.##
***,,,,......#..#.#.###...##
*,,,,.........#.#.##...).# *
*,,,,.......##...........#
******,....#..##..........##
,,,,,,,........r@.[..###.##
,******###.....####.## ###
,,,,,,,........# #.#
,,,**,,...#....# #.#
,,*,,,,..##....# #.#
,,,,,,,........# ##.#
,,,,,,,.####...# #.†#
,,,,,,*,* #..†###.##
,,,,,,,,***##.%....#


You could see a quokka.

Vanquished Creatures
  An adder (D:2)
  An ooze (D:1)
  2 worms (D:2)
  A bat (D:1)
  2 giant cockroaches
  4 goblins
  A hobgoblin (D:1)
  2 jackals (D:2)
  A kobold (D:1)
  A ball python (D:2)
  A rat (D:1)
17 creatures vanquished.

Notes
Turn   | Place    | Note
--------------------------------------------------------------
     0 | D:1      | kae the Tengu Fire Elementalist began the quest for the Orb.
     0 | D:1      | Reached XP level 1. HP: 10/10 MP: 4/4
     2 | D:1      | Noticed a vampire
     2 | D:1      | Noticed a minotaur
     4 | D:1      | Noticed a naga
     6 | D:1      | Noticed an elf
     6 | D:1      | Noticed a felid
     8 | D:1      | Noticed a spriggan
    10 | D:1      | Noticed a tengu
    10 | D:1      | Noticed a formicid
    12 | D:1      | Noticed a demonspawn
    12 | D:1      | Noticed a ghoul
    14 | D:1      | Noticed a vine stalker
    16 | D:1      | Noticed an octopode
    18 | D:1      | Noticed a gargoyle
    18 | D:1      | Noticed a troll
    20 | D:1      | Noticed a draconian
    20 | D:1      | Noticed a demigod
    22 | D:1      | Noticed a dwarf
    22 | D:1      | Noticed a human
    24 | D:1      | Noticed a merfolk
    26 | D:1      | Noticed a centaur
    26 | D:1      | Noticed an ogre
   531 | D:1      | Reached skill level 4 in Fire Magic
   531 | D:1      | Reached XP level 2. HP: 13/15 MP: 0/6
   900 | D:2      | Found a stormy altar of Qazlal.
  1004 | D:2      | Reached XP level 3. HP: 19/19 MP: 0/7
  1082 | D:2      | Slain by a quokka

Vault maps used:
D:1:      kb_arrival_jail
D:2:      gammafunk_temple_overflow_elements, first_bread,
          nicolae_qazlal_general_emergency

Action                   || total
-------------------------++-------
Melee: Unarmed           ||    12
 Cast: Flame Tongue      ||    35
  Use: Potion            ||     1
       Scroll            ||     2
 Stab: Sleeping          ||     1
  Eat: Chunk             ||     1
